 Dungeon Crawl Stone Soup version 0.30-a0-1018-g25214051b3 (webtiles) character file.

Game seed: 16510331752437653486

905 promet the Shield-Bearer (level 8, -2/67 HPs)
             Began as a Gnoll Fighter on Apr 7, 2023.
             Slain by an ogre
             ... wielding a +0 giant club
              (26 damage)
             ... on level 5 of the Dungeon.
             The game lasted 00:21:03 (5051 turns).

promet the Shield-Bearer (Gnoll Fighter)            Turns: 5051, Time: 00:21:04

Health: -2/67      AC: 14    Str: 17    XL:     8   Next: 8%
Magic:  12/12      EV: 10    Int: 16    God:
Gold:   323        SH:  5    Dex: 12    Spells: 13/13 levels left

rFire   . . .      SeeInvis .    a - +5 flail
rCold   + . .      Faith    .    c - +0 buckler
rNeg    . . .      Spirit   .    b - +0 scale mail
rPois   .          Reflect  .    (no helmet)
rElec   .          Rampage  +    A - +0 cloak
rCorr   .                        y - +1 pair of gloves of Zimaf {Rampage rC+ Will++ Str+2}
Will    ++...                    h - +2 pair of boots
Stlth   +                        (no amulet)
HPRegen 0.31/turn                E - +6 ring of intelligence
MPRegen 0.13/turn                (no ring)

@: no status effects
A: fangs 1, strong nose, distributed training
a: no special abilities


You were on level 5 of the Dungeon.
You visited 1 branch of the dungeon, and saw 6 of its levels.

You collected 323 gold pieces.

Inventory:

Hand Weapons
 a - a +5 flail (weapon)
 t - a +2 antimagic short sword
 F - the +1 whip of the Eggplant {heavy, *Slow Will+++ Dex+3 Stlth+}
   (You found it on level 5 of the Dungeon)

   Dex:       It affects your dexterity (+3).
   *Slow:     It may slow you when you take damage.
   Will:      It greatly increases your willpower.
   Stlth:     It makes you more stealthy.
 G - a +3 short sword
 I - a +1 rapier
 J - a +2 flail of holy wrath
 N - a +3 dagger of freezing
Missiles
 d - 2 javelins
 e - 21 poisoned darts (quivered)
 p - 37 stones
 v - 3 boomerangs
Armour
 b - a +0 scale mail (worn)
 c - a +0 buckler (worn)
 h - a +2 pair of boots (worn)
 y - the +1 pair of gloves of Zimaf (worn) {Rampage rC+ Will++ Str+2}
   (You acquired it on level 5 of the Dungeon)

   Str:       It affects your strength (+2).
   rC:        It protects you from cold.
   Rampage:   It bestows one free step when moving towards enemies.
   Will:      It greatly increases your willpower.
 A - a +0 cloak (worn)
Jewellery
 E - a +6 ring of intelligence (left hand)
Wands
 k - a wand of quicksilver (3)
 u - a wand of roots (13)
 w - a wand of polymorph (6)
 H - a wand of digging (6)
Scrolls
 i - a scroll of enchant armour
 j - 4 scrolls of teleportation
 q - a scroll of blinking
 K - 2 scrolls of identify
 L - a scroll of summoning {unknown}
 M - a scroll of magic mapping {unknown}
Potions
 f - a potion of resistance
 g - a potion of flight {unknown}
 l - 3 potions of curing {unknown}
 m - a potion of brilliance
 n - a potion of berserk rage {unknown}
 o - 2 potions of cancellation {unknown}
 r - 2 potions of attraction {unknown}
 s - 3 potions of mutation {unknown}
 x - a potion of heal wounds {unknown}
 z - 2 potions of lignification {unknown}
 B - 2 potions of ambrosia {unknown}
 D - 2 potions of invisibility {unknown}


   Skills:
 + Level 7.3 Fighting
 + Level 5.5 Short Blades
 + Level 3.0 Long Blades
 + Level 3.0 Axes
 + Level 3.0 Maces & Flails
 + Level 3.0 Polearms
 + Level 3.0 Staves
 + Level 3.0 Ranged Weapons
 + Level 3.0 Throwing
 + Level 7.3 Armour
 + Level 3.0 Dodging
 + Level 3.0 Stealth
 + Level 7.3 Shields
 + Level 3.0 Unarmed Combat
 + Level 3.0 Spellcasting
 + Level 2.4 Conjurations
 + Level 2.4 Hexes
 + Level 2.4 Summonings
 + Level 2.4 Necromancy
 + Level 2.4 Translocations
 + Level 2.4 Transmutations
 + Level 2.4 Fire Magic
 + Level 2.4 Ice Magic
 + Level 2.4 Air Magic
 + Level 2.4 Earth Magic
 + Level 2.4 Poison Magic
 + Level 3.3 Invocations
 + Level 3.0 Evocations


You had 13 spell levels left.
You didn't know any spells.
Your spell library contained the following spells:

 Spells                   Type           Power      Damage    Failure   Level
 Slow                     Hex            40%        N/A       24%         1
 Confusing Touch          Hex            10%        N/A       58%         3
 Dazzling Flash           Conj/Hex       20%        N/A       58%         3
 Inner Flame              Hex/Fire       10%        N/A       58%         3
 Tukima's Dance           Hex            10%        N/A       58%         3
 Vampiric Draining        Necr           10%        2d6       58%         3
 Vhi's Electric Charge    Tloc/Air       20%        N/A       58%         3
 Volatile Blastmotes      Fire/Tloc      20%        2d11      58%         3
 Iskenderun's Mystic Bla  Conj/Tloc      10%        2d4       94%         4
 Passage of Golubria      Tloc           10%        N/A       94%         4
 Arcjolt                  Conj/Air       5%         1d15      100%        5
 Yara's Violent Unravell  Hex/Tmut       5%         3d4       100%        5
 Plasma Beam              Fire/Air       5%         2x1d17    100%        6
 Starburst                Conj/Fire      5%         6d4       100%        6
 Enfeeble                 Hex            5%         N/A       100%        7


Dungeon Overview and Level Annotations

Branches:
Dungeon (6/15)             Temple (0/1) D:4

Altars:


Innate Abilities, Weirdness & Mutations

You have very sharp teeth.
Your uncanny sense of smell can sniff out nearby items.
Your experience applies equally to all skills.


Message History

You climb downwards.
The ogre shouts!
Found a wand of digging (9).
There is a stone staircase leading up here.
Throw: 24 darts (poison)
Press: ? - help, Q - select action, (/) - cycle Shift-Dir - straight line, f - ogre
Aim: an ogre, wielding a +0 giant club (76% to hit)
You throw a poisoned dart. The poisoned dart hits the ogre!
The ogre is poisoned.
Throw: 23 darts (poison)
Press: ? - help, Q - select action, (/) - cycle Shift-Dir - straight line, f/p - ogre
Aim: an ogre, wielding a +0 giant club (lightly wounded, very poisoned, 76% to hit)
You throw a poisoned dart.
The poisoned dart barely misses the ogre.
Throw: 22 darts (poison)
Press: ? - help, Q - select action, (/) - cycle Shift-Dir - straight line, f/p - ogre
Aim: an ogre, wielding a +0 giant club (lightly wounded, very poisoned, 76% to hit)
You throw a poisoned dart. The poisoned dart hits the ogre.
The ogre looks even sicker.
The ogre is lightly wounded.
The ogre barely misses you.
You climb upwards.
There is a stone staircase leading down here.
There is an open door here.
You open the door.
There is an open door here.
You barely miss the ogre. You bite the ogre, but do no damage.
The ogre is heavily wounded.
The ogre hits you with a +0 giant club!!
You barely miss the ogre.
The ogre is heavily wounded.
The ogre closely misses you.
You hit the ogre.
The ogre is severely wounded.
The ogre hits you with a +0 giant club!!
Unknown command.
You completely miss the ogre.
The ogre is severely wounded.
The ogre hits you with a +0 giant club!!
You die...

# #.........# #
#.........# #
#.........# #
#.........#
########.........#######
.......#######........<#
.......#.....#.........#
.......#.....#.........#
.......#.....'.O@......#
.......#'#####.........#
..............##########
.....>........#
.........[....#
..............#
..............#
.......######## .......#


You could see an ogre (poisoned).

Vanquished Creatures
  Sigmund (D:5)
  An ice beast (D:5)
  2 kobold brigands
  A wight (D:5)
  A howler monkey (D:4)
  A jelly (D:4)
  3 hounds
  An orc priest (D:5)
  Jessica (D:2)
  Ijyb (D:5)
  An orc wizard (D:3)
  9 adders
  2 ufetubi
  2 dart slugs
  16 orcs
  5 bats
  6 endoplasms
  3 giant cockroaches
  5 hobgoblins
  3 jackals (D:1)
  4 quokkas
  6 ball pythons
  4 frilled lizards
  4 goblins
  12 kobolds
  A rat (D:3)
96 creatures vanquished.

Notes
Turn   | Place    | Note
-------+----------+-------------------------------------------
     0 | D:1      | promet the Gnoll Fighter began the quest for the Orb.
     0 | D:1      | Reached XP level 1. HP: 23/23 MP: 1/1
   166 | D:1      | Reached XP level 2. HP: 21/29 MP: 2/2
   548 | D:1      | Reached XP level 3. HP: 35/35 MP: 3/3
   796 | D:2      | Noticed Jessica
   803 | D:2      | Killed Jessica
   804 | D:2      | Reached skill level 1 in Long Blades
   804 | D:2      | Reached skill level 1 in Axes
   804 | D:2      | Reached skill level 1 in Maces & Flails
   804 | D:2      | Reached skill level 1 in Polearms
   804 | D:2      | Reached skill level 1 in Staves
   804 | D:2      | Reached skill level 1 in Ranged Weapons
   804 | D:2      | Reached skill level 1 in Throwing
   804 | D:2      | Reached skill level 1 in Dodging
   804 | D:2      | Reached skill level 1 in Stealth
   804 | D:2      | Reached skill level 1 in Unarmed Combat
   804 | D:2      | Reached skill level 1 in Spellcasting
   804 | D:2      | Reached skill level 1 in Invocations
   804 | D:2      | Reached skill level 1 in Evocations
   908 | D:2      | Reached XP level 4. HP: 37/41 MP: 5/5
  1466 | D:3      | Reached skill level 1 in Conjurations
  1466 | D:3      | Reached skill level 1 in Hexes
  1466 | D:3      | Reached skill level 1 in Summonings
  1466 | D:3      | Reached skill level 1 in Necromancy
  1466 | D:3      | Reached skill level 1 in Translocations
  1466 | D:3      | Reached skill level 1 in Transmutations
  1466 | D:3      | Reached skill level 1 in Fire Magic
  1466 | D:3      | Reached skill level 1 in Ice Magic
  1466 | D:3      | Reached skill level 1 in Air Magic
  1466 | D:3      | Reached skill level 1 in Earth Magic
  1466 | D:3      | Reached skill level 1 in Poison Magic
  1690 | D:3      | Reached XP level 5. HP: 43/47 MP: 5/7
  2371 | D:4      | Noticed a kobold brigand
  2384 | D:4      | Killed a kobold brigand
  2385 | D:4      | Reached XP level 6. HP: 32/53 MP: 8/8
  2390 | D:4      | Reached skill level 5 in Short Blades
  2645 | D:4      | Found a staircase to the Ecumenical Temple.
  3715 | D:5      | Entered Level 5 of the Dungeon
  3751 | D:5      | Identified a scroll of acquirement
  3751 | D:5      | Acquired the +1 pair of gloves of Zimaf {Rampage rC+ Will++
                  | Str+2}
  3879 | D:5      | Reached XP level 7. HP: 60/60 MP: 10/10
  3910 | D:5      | Identified the +1 whip of the Eggplant {heavy, *Slow
                  | Will+++ Dex+3 Stlth+}
  4464 | D:5      | Noticed Ijyb
  4468 | D:5      | Killed Ijyb
  4790 | D:5      | Noticed Sigmund
  4802 | D:5      | Killed Sigmund
  4803 | D:5      | Reached XP level 8. HP: 61/67 MP: 12/12
  5051 | D:5      | Slain by an ogre

Illustrated notes

Levels and vault maps discovered:
D:1:      saegor_arrival_simple_a, layout_basic
D:2:      layout_rooms, uniq_jessica
D:3:      layout_basic
D:4:      layout_basic, minmay_temple_entry_glassed_door, grunt_decor_arrowhead,
          grunt_ministairs_9, nicolae_half_adder
D:5:      layout_gridville, uniq_sigmund, uniq_ijyb
D:6:      layout_cave_pools, mainiacjoe_overflow_swirl,
          amcnicky_mini_corridor_feature

Skill      XL: |  1  2  3  4  5  6  7 |
---------------+----------------------+-----
Long Blades    | 1 2 3 |  3.0
Axes           | 1 2 3 |  3.0
Maces & Flails | 1 2 3 |  3.0
Polearms       | 1 2 3 |  3.0
Staves         | 1 2 3 |  3.0
Ranged Weapons | 1 2 3 |  3.0
Throwing       | 1 2 3 |  3.0
Dodging        | 1 2 3 |  3.0
Stealth        | 1 2 3 |  3.0
Unarmed Combat | 1 2 3 |  3.0
Spellcasting   | 1 2 3 |  3.0
Invocations    | 1 2 3 |  3.3
Evocations     | 1 2 3 |  3.0
Conjurations   | 1 2 |  2.4
Hexes          | 1 2 |  2.4
Summonings     | 1 2 |  2.4
Necromancy     | 1 2 |  2.4
Translocations | 1 2 |  2.4
Transmutations | 1 2 |  2.4
Fire Magic     | 1 2 |  2.4
Ice Magic      | 1 2 |  2.4
Air Magic      | 1 2 |  2.4
Earth Magic    | 1 2 |  2.4
Poison Magic   | 1 2 |  2.4
Short Blades   | 5 |  5.5
Fighting       | 7 |  7.3
Armour         | 7 |  7.3
Shields        | 7 |  7.3

Action                     |  1- 3 |  4- 6 |  7- 9 || total
---------------------------+-------+-------+-------++-------
  Melee: Rapier            |    84 |   208 |    21 ||   313
         Bite              |     6 |    16 |     9 ||    31
         Long sword        |       |     6 |    24 ||    30
         Flail             |       |       |    37 ||    37
  Throw: Dart              |       |     1 |     3 ||     4
         Boomerang         |       |    19 |     1 ||    20
  Evoke: Wand              |       |       |     4 ||     4
    Use: Potion            |     1 |     1 |       ||     2
         Scroll            |       |    12 |     1 ||    13
 Armour: Scale mail        |    40 |    93 |    60 ||   193
  Dodge: Dodged            |    37 |    87 |    54 ||   178
  Block: Buckler           |    15 |    35 |    40 ||    90

Table legend: (Time is in decaauts)
 A = Elapsed time spent in this place.
 B = Non-inter-level travel time spent in this place.
 C = Inter-level travel time spent in this place.
 D = Time resting spent in this place.
 E = Time spent auto-exploring this place.
 F = Levels seen in this place.
 G = Mean time per level.
                   A        B        C        D        E       F      G
               +--------+--------+--------+--------+--------+-----+--------+
         Total |   5071 |   4891 |    180 |   1219 |   1970 |   6 |  845.2 |
       Dungeon |   5071 |   4891 |    180 |   1219 |   1970 |   6 |  845.2 |
               +--------+--------+--------+--------+--------+-----+--------+

Top non-repeatable levels by time:
     D:4: 1564 daAuts
     D:5: 1341 daAuts
     D:3: 792 daAuts
     D:1: 756 daAuts
     D:2: 605 daAuts
     D:6: 12 daAuts
